 Dungeon Crawl Stone Soup version 0.21.1-1-g345015fe64 (webtiles) character file.

116 Gargoyl the Skirmisher (level 4, -7/39 HPs)
             Began as a Centaur Abyssal Knight on Apr 23, 2018.
             Was a Follower of Lugonu.
             Mangled by a gnoll
             ... wielding a +0 spear
              (9 damage)
             ... on level 3 of the Dungeon.
             The game lasted 00:03:02 (2098 turns).

Gargoyl the Skirmisher (Centaur Abyssal Knight)     Turns: 2098, Time: 00:03:03

Health: -7/39      AC:  9    Str: 14    XL:     4   Next: 69%
Magic:  6/6        EV:  8    Int: 11    God:    Lugonu [*.....]
Gold:   98         SH:  0    Dex: 10    Spells: 3/3 levels left

rFire    . . .     SeeInvis .   a - +2 hand axe
rCold    . . .     Gourm    .   (no shield)
rNeg     . . .     Faith    .   f - +0 ring mail
rPois    .         Spirit   .   (no helmet)
rElec    .         Reflect  .   o - +1 cloak
rCorr    .         Harm     .   g - +0 pair of gloves
MR       .....                  (no barding)
Stlth    ..........             (no amulet)
HPRegen  0.13/turn              (no ring)
MPRegen  0.10/turn              (no ring)

@: very quick
A: large, hooves 3, deformed body, speed 2, tough skin 3
a: Depart the Abyss, Renounce Religion


You were on level 3 of the Dungeon.
You worshipped Lugonu.
Lugonu was aware of your devotion.
You were hungry.

You visited 1 branch of the dungeon, and saw 3 of its levels.
You visited the Abyss 1 time.

You collected 98 gold pieces.

Inventory:

Hand Weapons
 a - a +2 hand axe (weapon)
Armour
 f - a +0 ring mail (worn)
 g - a +0 pair of gloves (worn)
 o - a +1 cloak (worn)
Scrolls
 d - 2 scrolls of remove curse
 h - 3 scrolls of identify
 k - 2 scrolls of magic mapping
Potions
 b - a potion of might {unknown}
 e - a potion of ambrosia {unknown}
 i - 2 potions of heal wounds
 l - a potion of curing {unknown}
Comestibles
 c - 5 rations
 j - 4 chunks of flesh


   Skills:
 + Level 3.6 Fighting
 + Level 2.3 Axes
 * Level 2.4 Armour
 + Level 0.7 Dodging
 * Level 3.3 Invocations


You had 3 spell levels left.
You didn't know any spells.

Dungeon Overview and Level Annotations

Branches:
Dungeon (3/15)

Altars:
Dithmenos
Uskayaw


Innate Abilities, Weirdness & Mutations

You have hooves in place of feet.
Armour fits poorly on your strangely shaped body.
You cover ground very quickly.
You have extremely tough skin. (AC +3)


Message History

The gnoll moves out of view.
A gnoll comes into view. It is wielding a halberd.
The gnoll shouts!
You hear a shout!
The gnoll hits you but does no damage. The gnoll hits you but does no damage.
Found a hide-covered altar of Uskayaw.
A gnoll comes into view.
A gnoll comes into view. It is wielding a halberd.
The gnoll shouts!
The gnoll hits you from afar with a halberd.
The gnoll hits you with a spear. The gnoll hits you with a halberd!
* * * LOW HITPOINT WARNING * * *
The gnoll hits you with a spear.
* * * LOW HITPOINT WARNING * * *
Unknown command.
The gnoll hits you from afar with a halberd!
* * * LOW HITPOINT WARNING * * *
The gnoll hits you with a spear!
You die...

,,,,,* *,* ,,,,,* *,*
,,,,,* *,###** ******
*...,,* ## ###########
####.###.* .#
#.........###..gg....* .#
#.........##.g#####..*
.####.........##g.#(..#..*
....'†..........@.#(..#.#*
.####.........###.#####.#
.# #.........# #.......#
.# #.........###..._...#
.# #..................##
.# #############....### .#
###### ##


You could see 2 dancing weapons and 4 gnolls.

Vanquished Creatures
  Crazy Yiuf (D:2)
  4 adders
  2 oozes
  A worm (D:2)
  A dart slug (D:2)
  An orc (D:3)
  A ball python (D:1)
  2 bats
  A giant cockroach (D:2)
  4 goblins
  5 hobgoblins
  3 jackals (D:1)
  A quokka (D:2)
  4 frilled lizards
  2 kobolds (D:2)
  3 rats
36 creatures vanquished.

Notes
Turn   | Place    | Note
-------+----------+-------------------------------------------
     0 | Abyss:1  | Gargoyl the Centaur Abyssal Knight began the quest for the Orb.
     0 | Abyss:1  | Reached XP level 1. HP: 19/19 MP: 2/2
    58 | Abyss:1  | Noticed a quasit
    89 | D:1      | Escaped the Abyss
   335 | D:1      | Reached XP level 2. HP: 26/26 MP: 3/3
   338 | D:1      | Reached * piety under Lugonu
   897 | D:2      | Reached XP level 3. HP: 13/31 MP: 5/5
  1469 | D:2      | Found a shadowy altar of Dithmenos.
  1531 | D:2      | Found a runed door.
  1699 | D:2      | Reached XP level 4. HP: 38/38 MP: 6/6
  1925 | D:2      | Noticed Crazy Yiuf
  1931 | D:2      | Killed Crazy Yiuf
  2087 | D:3      | Noticed a dagger
  2093 | D:3      | Noticed a hand axe
  2094 | D:3      | Found a hide-covered altar of Uskayaw.
  2098 | D:3      | Mangled by a gnoll

Skill      XL: |  1  2  3 |
---------------+----------+-----
Axes           | 2 |  2.3
Invocations    | 3 |  3.3
Armour         | 2 |  2.4
Fighting       | |  3.6
Dodging        | |  0.7

Action                   |  1- 3 |  4- 6 || total
-------------------------+-------+-------++-------
Melee: Hand axe          |    76 |    26 ||   102
       Kick              |     9 |     4 ||    13
Invok: Depart the Abyss  |     1 |       ||     1
  Use: Scroll            |     2 |     4 ||     6
       Potion            |       |     1 ||     1
  Eat: Chunk             |     1 |     1 ||     2
Armor: Ring mail         |    45 |    16 ||    61
Dodge: Dodged            |    35 |    12 ||    47
